 Dungeon Crawl Stone Soup version 0.21.0 (webtiles) character file.

646 Manul the Sneak (level 7, 0/57 HPs)
             Began as a Demonspawn Assassin on Jan 7, 2018.
             Was an Initiate of Dithmenos.
             Splashed by Pikel's acid (10 damage)
             ... on level 5 of the Dungeon.
             The game lasted 00:05:42 (4708 turns).

Manul the Sneak (Demonspawn Assassin)               Turns: 4708, Time: 00:05:42

Health: 0/57       AC:  4    Str: 12    XL:     7   Next: 27%
Magic:  7/7        EV: 11    Int: 12    God:    Dithmenos [......]
Gold:   169        SH:  0    Dex: 16    Spells: 6/6 levels left

rFire    + . .     SeeInvis .   m - +3 spear (freeze)
rCold    . . .     Gourm    .   (no shield)
rNeg     . . .     Faith    .   q - +0 ring mail {rF+}
rPois    .         Spirit   .   (helmet restricted)
rElec    .         Reflect  .   d - +0 cloak
rCorr    .         Harm     .   (no gloves)
MR       .....                  (no boots)
Stlth    ++........             (no amulet)
HPRegen  0.19/turn              (no ring)
MPRegen  0.10/turn              (no ring)

@: about to teleport, corroded
A: antennae 1, thin metallic scales 1, powered by pain 1, robust 1, rot immunity
a: Renounce Religion


You were on level 5 of the Dungeon.
You worshipped Dithmenos.
Dithmenos was noncommittal.
You were hungry.

You visited 2 branches of the dungeon, and saw 6 of its levels.

You collected 169 gold pieces.

Inventory:

Hand Weapons
 a - a +2 dagger
 b - a +0 blowgun
 m - a +3 spear of freezing (weapon)
 p - a +1 dagger of speed
Missiles
 e - 25 poisoned needles
 f - 2 curare-tipped needles
Armour
 d - a +0 cloak (worn)
 j - a +0 leather armour
 q - a +0 ring mail of fire resistance (worn)
Scrolls
 c - a scroll of immolation {unknown}
 h - a scroll of enchant armour {unknown}
 i - a scroll of identify
 l - 3 scrolls of remove curse
 n - a scroll of blinking {unknown}
 o - a scroll of enchant weapon
Comestibles
 g - 8 rations


   Skills:
 + Level 3.4 Fighting
 + Level 3.3 Short Blades
 + Level 3.0 Polearms
 + Level 1.8 Throwing
 + Level 2.9 Armour
 + Level 2.4 Dodging
 + Level 4.8 Stealth


You had 6 spell levels left.
You didn't know any spells.

Dungeon Overview and Level Annotations

Branches:
Dungeon (5/15)             Temple (1/1) D:5

Altars:
Dithmenos
Fedhas
Nemelex Xobeh
Okawaru
Qazlal
Vehumet
Xom

Annotations:
D:5 Pikel


Innate Abilities, Weirdness & Mutations

You are partially covered in thin metallic scales. (AC +2)
You sometimes gain a little power by taking damage.
You are immune to rotting.
You have a pair of small antennae on your head.
You are robust. (+10% HP)


Message History

You start waiting.
You are feeling hungry.
(D) Dungeon (T) Temple
Where to? (Enter - D:5, ? - help)
There is a staircase back to the Dungeon here.
You climb upwards.
Welcome back to the Dungeon!
Level annotation: Pikel The slave barely misses you.
Pikel zaps a wand.
The bolt of acid misses you. The slave hits you.
Pikel zaps a wand.
The bolt of acid hits you! The acid corrodes you!
You are splashed with acid!
The acid burns!
There is a staircase to the Ecumenical Temple here.
There are monsters nearby!
As you read the scroll labeled NIDGHO SOLO FIA, it crumbles to dust.
You feel strangely unstable.
It was a scroll of teleportation.
The slave hits you but does no damage. Pikel hits you with a whip of freezing.
Pikel freezes you. The slave hits you.
Pikel zaps a wand.
The bolt of acid hits you!
* * * LOW HITPOINT WARNING * * *
You are splashed with acid!
The acid burns!
You die...

...### .....##..##
...... ..# # #...#
..# ##. #.⌠.# ..#
#..###...###.######
#........%.........
, #...⌠.p>..⌠...#
#....@.K.....#####.#
*
#..###...###.......#
# #.⌠$#...#####.# *
...#...#...#
...........#
#####.####.#####.# #
, #.# #.......#.#
.####..######.#
#..............#


You could see Pikel and a slave.

Vanquished Creatures
  Grinder (D:3)
  2 slaves (Temple)
  3 orc wizards
  A bullfrog zombie (D:3)
  2 orc priests (D:3)
  3 worker ants (D:4)
  An adder (D:3)
  10 gnolls
  3 worms
  13 orcs
  7 bats
  5 giant cockroaches
  7 goblins
  12 hobgoblins
  2 jackals (D:2)
  6 kobolds
  2 quokkas
  A ball python (D:2)
  6 frilled lizards
  6 rats
93 creatures vanquished.

Notes
Turn   | Place    | Note
-------+----------+-------------------------------------------
     0 | D:1      | Manul the Demonspawn Assassin began the quest for the Orb.
     0 | D:1      | Reached XP level 1. HP: 16/16 MP: 1/1
   304 | D:1      | Gained mutation: You are partially covered in thin metallic scales. (AC +2) [demonic ancestry]
   304 | D:1      | Reached XP level 2. HP: 22/22 MP: 2/2
   312 | D:1      | Reached skill level 1 in Dodging
   430 | D:1      | Reached skill level 4 in Stealth
  1061 | D:2      | Reached XP level 3. HP: 28/28 MP: 3/3
  1688 | D:3      | Gained mutation: You sometimes gain a little power by taking damage. [demonic ancestry]
  1688 | D:3      | Reached XP level 4. HP: 20/34 MP: 4/4
  2046 | D:3      | Reached skill level 1 in Armour
  2330 | D:3      | Reached XP level 5. HP: 38/39 MP: 5/5
  2494 | D:3      | Noticed Grinder
  2557 | D:3      | Reached skill level 1 in Polearms
  2561 | D:3      | Paralysed by Grinder for 2 turns
  2600 | D:3      | Paralysed by Grinder for 5 turns
  2611 | D:3      | Killed Grinder
  2611 | D:3      | Reached XP level 6. HP: 11/47 MP: 6/6
  3493 | D:4      | Gained mutation: You are immune to rotting. [demonic ancestry]
  3493 | D:4      | Reached XP level 7. HP: 50/52 MP: 7/7
  4268 | D:5      | Entered Level 5 of the Dungeon
  4277 | D:5      | Gained mutation: Your magical capacity is low. (-10% MP) [potion of mutation]
  4277 | D:5      | Gained mutation: You passively map a small area around you. [potion of mutation]
  4277 | D:5      | Gained mutation: You have supernaturally acute eyesight. (SInv) [potion of mutation]
  4278 | D:5      | Lost mutation: Your magical capacity is low. (-10% MP) [potion of mutation]
  4278 | D:5      | Lost mutation: You have supernaturally acute eyesight. (SInv) [potion of mutation]
  4278 | D:5      | Gained mutation: You have a pair of small antennae on your head. [potion of mutation]
  4278 | D:5      | Lost mutation: You passively map a small area around you. [potion of mutation]
  4278 | D:5      | Gained mutation: You are robust. (+10% HP) [potion of mutation]
  4284 | D:5      | Noticed Pikel
  4287 | D:5      | Found a staircase to the Ecumenical Temple.
  4298 | Temple   | Entered the Ecumenical Temple
  4335 | Temple   | Became a worshipper of Dithmenos the Shadowed
  4708 | D:5      | Splashed by Pikel's acid

Skill      XL: |  1  2  3  4  5  6  7 |
---------------+----------------------+-----
Dodging        | 1 2 |  2.4
Stealth        | 4 |  4.8
Short Blades   | 2 3 |  3.3
Armour         | 1 2 |  2.9
Polearms       | 2 3 |  3.0
Fighting       | 3 |  3.4
Throwing       | |  1.8

Action                   |  1- 3 |  4- 6 |  7- 9 || total
-------------------------+-------+-------+-------++-------
Melee: Dagger            |   127 |    42 |       ||   169
       Spear             |       |   178 |   112 ||   290
  Use: Potion            |       |     3 |     2 ||     5
       Scroll            |       |       |     4 ||     4
 Stab: Sleeping          |     5 |     2 |     2 ||     9
       Distracted        |       |     1 |       ||     1
  Eat: Chunk             |     2 |     6 |     4 ||    12
Armor: Leather armour    |    45 |    15 |       ||    60
       Robe              |     2 |       |       ||     2
       Ring mail         |       |    39 |    29 ||    68
Dodge: Dodged            |    81 |    95 |    62 ||   238
